Map: Overgrown Facility

Players

MonstroTown - Winner!

  • Race: Terran Terran
  • Spawn Location: 7:00

Michael - Winner!

  • Race: Zerg Zerg
  • Spawn Location: 9:00

XiXiHeHe

  • Race: Zerg Zerg
  • League: Silver
  • Spawn Location: 1:00

Mark

  • Race: Zerg Zerg
  • Spawn Location: 3:00

VOD

Have the link to the VOD?

Description

Time

  • Played on: Aug. 28, 2018, 8 p.m.
  • Length: 8:43
Show
View Real Time Build Order
Export as new Build Order

MonstroTown Terran - Winner!

Build Orders: Reaper Expand 

Get SALT Encoding   

  12  0:01  SCV  
  13  0:13  SCV  
  14  0:19  Supply Depot  
  14  0:25  SCV  
  15  0:40  SCV  
  15  0:42  Barracks  
  16  0:53  SCV  
  16  0:54  Refinery  
  17  1:05  SCV  
  18  1:17  SCV  
  19  1:32  Command Center  
  19  1:43  Reaper  
  19  1:44  Barracks  
  20  1:54  Orbital Command  
  20  2:08  Supply Depot  
  20  2:21  SCV  
  21  2:24  Barracks Reactor  
  21  2:33  Barracks Tech Lab, SCV  
  22  2:45  SCV  
  22  2:50  Factory  
  24  2:55  Orbital Command  
  24  2:56  Refinery  
  24  2:58  SCV  
  24  3:10  Marine x2  
  26  3:16  SCV  
  26  3:36  Factory Tech Lab  
  26  3:38  Starport  
  26  3:42  Marine x2  
  26  3:43  Marauder  
  26  3:44  SCV x2  
  32  3:50  Supply Depot  
  32  3:56  SCV x2  
  32  4:01  Marine x2  
  36  4:06  Siege Tank  
  36  4:09  SCV x2  
  41  4:12  Refinery  
  41  4:18  Marauder  
  41  4:21  SCV  
  44  4:31  Medivac, Marine  
  46  4:32  Marine  
  40  4:57  Marine x2  
  42  5:01  Marine  
  43  5:09  Engineering Bay  
  43  5:11  Engineering Bay, Barracks  
  43  5:12  Barracks  
  43  5:14  Medivac, Marine, Barracks  
  45  5:15  Marine  
  45  5:19  Marauder  
  48  5:40  Marine x2  
  48  5:41  Marauder  
  52  5:53  Terran Infantry Armor Level 1, Terran Infantry Weapons Level 1  
  52  5:54  Medivac  
  51  5:57  Marine  
  51  5:58  Barracks, Marine  
  51  6:02  Marine  
  54  6:16  Barracks Reactor  
  54  6:22  Barracks Reactor, Supply Depot x2  
  54  6:23  Barracks Reactor  
  54  6:25  Supply Depot  
  54  6:32  Marine  
  53  6:37  Marine x2  
  51  6:57  Marine x5  
  51  6:58  Marauder  
  51  6:59  Starport Reactor  
  58  7:07  Armory  
  58  7:11  Barracks Tech Lab  
  58  7:12  Siege Tank  
  58  7:13  Marine x2  
  63  7:20  Marauder  
  65  7:26  Missile Turret  
  65  7:28  Missile Turret  
  65  7:29  Missile Turret  
  65  7:31  SCV  
  64  7:51  Marine x5  
  65  7:52  Marine x5  
  74  8:07  SCV x2  
  74  8:09  Marine x2  
  78  8:22  Marine  
  78  8:30  Command Center  
Show
View Real Time Build Order
Export as new Build Order

Michael Zerg - Winner!

Build Orders: Hatch First 

Get SALT Encoding   

  12  0:01  Drone  
  13  0:13  Overlord  
  13  0:18  Drone  
  14  0:31  Drone x2  
  14  0:35  Drone  
  17  0:56  Hatchery  
  16  0:58  Drone  
  16  1:02  Drone  
  18  1:05  Extractor  
  17  1:19  Spawning Pool  
  17  1:23  Drone  
  17  1:26  Drone  
  17  1:30  Drone  
  19  1:39  Drone  
  20  1:50  Overlord  
  20  2:07  Queen  
  22  2:08  Queen  
  22  2:11  Metabolic Boost  
  24  2:16  Zergling x2  
  24  2:18  Zergling x2  
  26  2:25  Drone x2  
  26  2:29  Drone  
  29  2:32  Drone  
  29  2:35  Drone  
  31  2:49  Queen  
  33  2:59  Roach Warren  
  31  3:17  Spine Crawler  
  30  3:20  Zergling x2  
  30  3:23  Zergling x2  
  30  3:26  Zergling x2  
  33  3:28  Hatchery  
  33  3:29  Zergling x2  
  33  3:40  Drone x3  
  36  3:44  Overlord  
  36  3:50  Overlord  
  36  4:03  Lair  
  36  4:14  Roach x2  
  36  4:15  Roach x2  
  44  4:19  Roach  
  46  4:26  Roach  
  46  4:27  Roach  
  50  4:32  Roach  
  48  4:57  Roach x5  
  57  5:16  Queen  
  55  5:25  Roach  
  55  5:27  Overlord x5  
  48  5:45  Roach  
  48  5:46  Roach x3  
  48  5:47  Roach  
  56  5:52  Roach  
  56  5:59  Zergling x4  
  58  6:04  Roach  
  60  6:14  Roach  
  60  6:16  Zergling x4  
  64  6:30  Roach x2  
  64  6:31  Zergling x10  
  64  6:32  Zergling x2  
  74  6:51  Roach  
  74  6:52  Roach  
  76  7:13  Roach  
  76  7:14  Roach x2  
  76  7:15  Zergling x12  
  83  7:16  Zergling x6  
  91  7:25  Spore Crawler  
  91  7:28  Drone, Spore Crawler  
  91  7:29  Drone  
  85  7:53  Roach x2  
  85  7:55  Overlord x2  
  85  7:56  Overlord  
  88  8:14  Overlord x4  
Show
View Real Time Build Order
Export as new Build Order

XiXiHeHe Zerg 

Build Orders: Hatch First 

Get SALT Encoding   

  12  0:05  Drone  
  13  0:14  Drone  
  14  0:25  Overlord  
  14  0:27  Overlord  
  14  0:44  Drone x2  
  16  1:02  Drone x2  
  18  1:10  Drone  
  18  1:11  Extractor  
  18  1:17  Extractor  
  17  1:32  Hatchery  
  17  1:33  Drone  
  17  1:34  Drone  
  18  1:47  Drone  
  18  1:51  Spawning Pool  
  18  1:53  Drone  
  19  2:07  Drone  
  20  2:25  Drone x2  
  22  2:44  Hatchery  
  22  2:47  Queen  
  23  2:53  Drone x2  
  25  3:00  Drone  
  25  3:01  Drone  
  25  3:03  Queen  
  29  3:21  Drone x5  
  29  3:23  Queen  
  36  3:42  Overlord  
  36  3:46  Overlord x2  
  36  3:47  Overlord  
  36  3:55  Lair  
  36  4:01  Lair  
  36  4:05  Drone x3  
  36  4:06  Drone x4  
  43  4:15  Extractor  
  42  4:18  Extractor  
  42  4:21  Drone  
  42  4:22  Drone x4  
  46  4:34  Evolution Chamber  
  46  4:37  Lair  
  45  4:46  Drone x5  
  45  4:47  Drone x3  
  53  5:01  Drone  
  53  5:02  Drone x5  
  53  5:03  Drone x3  
  62  5:13  Spire  
  61  5:16  Spire  
  61  5:19  Overlord  
  58  5:38  Zergling x4  
  58  5:39  Zergling x6  
  55  5:52  Zergling x6  
  55  5:53  Zergling x8  
  51  6:12  Zergling x4  
  51  6:13  Zergling x12  
  51  6:14  Zergling x2  
  39  7:05  Mutalisk x2  
  39  7:06  Mutalisk x4  
Show
View Real Time Build Order
Export as new Build Order

Mark Zerg 

Build Orders: Pool First 

Get SALT Encoding   

  12  0:02  Drone  
  13  0:09  Drone  
  14  0:18  Extractor  
  14  0:19  Extractor  
  14  0:20  Drone  
  13  0:23  Drone  
  16  0:30  Overlord  
  16  0:45  Spawning Pool  
  15  0:52  Drone x2  
  15  0:56  Extractor  
  16  1:02  Drone  
  17  1:17  Drone x2  
  19  1:32  Queen  
  19  1:33  Overlord  
  21  1:50  Overlord  
  21  2:08  Queen  
  21  2:15  Zergling x6  
  26  2:16  Metabolic Boost  
  26  2:31  Zergling x2  
  26  2:34  Baneling Nest  
  25  2:53  Zergling x4  
  27  3:09  Zergling x2  
  27  3:10  Zergling x6  
  31  3:13  Queen  
  33  3:33  Zergling x4  
  35  3:47  Zergling x6  
  38  3:53  Baneling x5  
  38  4:03  Overlord x2  
  38  4:06  Spore Crawler  
  37  4:20  Spine Crawler  
  22  4:55  Drone x6  
  22  4:59  Spine Crawler  
  26  5:08  Hatchery  
  25  5:33  Zergling x4  
  25  5:34  Zergling x4  
  25  6:11  Zergling x2  
  25  6:12  Zergling x10  
  31  6:19  Spine Crawler  
  30  6:37  Zergling x4  
  30  6:39  Queen  
  31  6:54  Spine Crawler  
  31  6:58  Baneling x4  
  27  7:15  Drone, Queen  
  27  7:16  Drone x5  
  35  7:47  Spine Crawler  
  35  7:50  Hatchery  
  33  7:57  Zergling x4  
  33  7:58  Zergling x2  
  36  8:07  Extractor  
  36  8:08  Drone x5  
  36  8:09  Drone  
  41  8:18  Spine Crawler  
  38  8:22  Spore Crawler  
Tags
 
Add a new tag
Caveats
  • Supply blocks, unpowered buildings, or Contaminate may cause inaccurate times.
  • Supply counts are checked every 10 seconds.